 Dungeon Crawl Stone Soup version 0.31-a0-664-g902f515a81 (webtiles) character file.

Game seed: 15039233020894929032

111 AtlasWard the Sneak (level 4, 0/31 HPs)
             Began as an Octopode Brigand on Sept 2, 2023.
             Slain by an orc wizard
             ... wielding a +0 dagger
              (3 damage)
             ... on level 3 of the Dungeon.
             The game lasted 00:04:24 (1899 turns).

AtlasWard the Sneak (Octopode Brigand)              Turns: 1899, Time: 00:04:25

Health: 0/31       AC:  1    Str: 10    XL:     4   Next: 92%
Magic:  4/4        EV: 13    Int: 13    God:
Gold:   168        SH:  0    Dex: 15    Spells: 3/3 levels left

rFire   . . .        a - +2 dagger
rCold   + . .        (no shield)
rNeg    . . .        (helmet restricted)
rPois   .            (no amulet)
rElec   .            n - ring of protection from cold
rCorr   .            (no ring)
SInv    .            (no ring)
Will    .....        (no ring)
Stlth   ++++         (no ring)
HPRegen 0.25/turn    (no ring)
MPRegen 0.09/turn    (no ring)
                     (no ring)

%: no passive effects
@: no status effects
A: almost no armour, amphibious, 8 rings, camouflage 1, gelatinous body 1,
(nimble swimmer 1), tentacles
a: no special abilities


You were on level 3 of the Dungeon.
You visited 1 branch of the dungeon, and saw 3 of its levels.

You collected 168 gold pieces.

Inventory:

Hand Weapons
 a - a +2 dagger (weapon)
 d - a +0 long sword
Missiles
 b - 6 poisoned darts (quivered)
 c - 3 curare-tipped darts
Jewellery
 n - a ring of protection from cold (left tentacle)
Scrolls
 g - 2 scrolls of fear {unknown}
 h - 2 scrolls of identify {unknown}
 j - a scroll of enchant armour {unknown}
 k - a scroll of vulnerability {unknown}
 l - a scroll of teleportation {unknown}
 m - 2 scrolls of amnesia {unknown}
 o - a scroll of brand weapon {unknown}
 r - a scroll of blinking {unknown}
Potions
 e - 2 potions of heal wounds
 f - a potion of ambrosia {unknown}
 i - a potion of lignification {unknown}
 p - 2 potions of magic {unknown}
 q - a potion of invisibility {unknown}


   Skills:
 + Level 3.0 Fighting
 + Level 3.0 Short Blades
 - Level 2.0 Throwing
 - Level 2.0 Dodging
 + Level 6.3 Stealth


You had 3 spell levels left.
You didn't know any spells.
Your spell library contained the following spells:

 Spells                   Type           Power      Damage    Failure   Level
 Slow                     Hex            0%         N/A       30%         1
 Confusing Touch          Hex            0%         N/A       67%         3
 Vampiric Draining        Necr           0%         2d6       67%         3


Dungeon Overview and Level Annotations

Branches:
Dungeon (3/15)

Altars:

Shops:
D:1 [


Innate Abilities, Weirdness & Mutations

You cannot wear most types of armour.
You are amphibious.
You can wear up to eight rings at the same time.
Your skin changes colour to match your surroundings (Stealth+).
Your rubbery body absorbs attacks. (AC +1, EV +1)
((You are camouflaged when in or above water. (Stealth+)))
You have tentacles for arms and can constrict up to eight enemies at once.


Message History

Something hits you.
You feel less confused.
You barely miss something.
You hear some strange, mumbled words.
You are confused.
Something hits you.
* * * LOW HITPOINT WARNING * * *
You barely miss something. Your squeeze misses something. Something hits you.
* * * LOW HITPOINT WARNING * * *
Something hits you.
* * * LOW HITPOINT WARNING * * *
It was a potion of heal wounds.
You feel much better. Something hits you.
You bump into the rock wall.
Something hits you.
You bump into the rock wall.
You hear some strange, mumbled words.
A puff of flame appears from out of thin air!
The puff of flame hits you!
You miss something.
You feel less confused. Something hits you.
You closely miss something. Something barely misses you.
You barely miss something. Something barely misses you.
You hit something but do no damage. Something hits you.
You closely miss something.
You hear some strange, mumbled words.
You are confused.
You hit something. Your squeeze misses something.
You bump into the rock wall.
You hear some strange, mumbled words.
A magic dart appears from out of thin air!
The magic dart hits you.
* * * LOW HITPOINT WARNING * * *
You hit something but do no damage. Your squeeze misses something.
Something hits you.
* * * LOW HITPOINT WARNING * * *
You completely miss something. Something hits you.
* * * LOW HITPOINT WARNING * * *
You feel less confused. Something hits you.
You die...

.##....# #.. .((
.###.#.# #.# #(#
†# #.#.###.# ##.#
.# #.#.....###
##.)# .#
#.#####.#.###...##
####.#
#..#....#..# #...#
##.###.#....#
##.######.##
##.#.#$......
#..o...o.##
##@.#######.
#..######.# #.#.#
#..# #.# #.##.#
...# #.#.# #.# #.
#.## #.# #.# . #.#
#.# #.# .# ..#
#.####.###.#.# ###
#............# #
######...#.#.#


There were no monsters in sight!

Vanquished Creatures
  4 adders
  2 worms
  2 dart slugs
  5 orcs
  4 ball pythons
  6 bats
  3 endoplasms
  A giant cockroach (D:3)
  8 goblins
  5 hobgoblins
  6 quokkas
  5 frilled lizards
  5 kobolds
  A rat (D:1)
57 creatures vanquished.

Notes
Turn   | Place    | Note
-------+----------+-------------------------------------------
     0 | D:1      | AtlasWard the Octopode Brigand began the quest for the Orb.
     0 | D:1      | Reached XP level 1. HP: 14/14 MP: 1/1
    75 | D:1      | Reached XP level 2. HP: 16/19 MP: 2/2
   214 | D:1      | Noticed an animated shadow dragon scales
   216 | D:1      | Found Feaqait's Armour Shop.
   218 | D:1      | Noticed an animated storm dragon scales
   476 | D:1      | Reached XP level 3. HP: 25/25 MP: 3/3
  1043 | D:2      | Found a faded altar of an unknown god.
  1260 | D:3      | Reached XP level 4. HP: 23/30 MP: 4/4
  1302 | D:3      | Reached skill level 6 in Stealth
  1587 | D:3      | Identified the ring of Otudohi {rPois MP+9 Str+3 Dex-3}
  1899 | D:3      | Slain by an orc wizard

Illustrated notes

Levels and vault maps discovered:
D:1:      dpeg_arrival_rooms_with_view, layout_basic, serial_shops,
          nicolae_shop_mannequins, minmay_misc_feat_iff, minmay_splitting_lines
D:2:      layout_rooms, shapermc_ecumenical_altar_starsandcircs
D:3:      kennysheep_goblin_castle, layout_loops_ring, st_stairs_12,
          minmay_misc_feat_rows, minmay_misc_feat_diagonals

Skill      XL: |  1  2  3  4 |
---------------+-------------+-----
Dodging        | 2 |  2.0
Stealth        | 6 |  6.3
Short Blades   | 3 |  3.0
Fighting       | 3 |  3.0
Throwing       | |  2.0

Action                     |  1- 3 |  4- 6 || total
---------------------------+-------+-------++-------
  Melee: Dagger            |    62 |    59 ||   121
         Constrict         |    13 |     9 ||    22
         Tentacles         |     9 |     5 ||    14
  Throw: Dart              |    13 |     8 ||    21
    Use: Scroll            |     1 |       ||     1
         Potion            |       |     1 ||     1
   Stab: Sleeping          |    17 |    10 ||    27
         Distracted        |     1 |       ||     1
 Armour: Skin              |    19 |    34 ||    53
  Dodge: Dodged            |    27 |    18 ||    45

Table legend: (Time is in decaauts)
 A = Elapsed time spent in this place.
 B = Non-inter-level travel time spent in this place.
 C = Inter-level travel time spent in this place.
 D = Time resting spent in this place.
 E = Time spent auto-exploring this place.
 F = Levels seen in this place.
 G = Mean time per level.
                   A        B        C        D        E       F      G
               +--------+--------+--------+--------+--------+-----+--------+
         Total |   1881 |   1832 |     49 |      0 |   1363 |   3 |  627.0 |
       Dungeon |   1881 |   1832 |     49 |      0 |   1363 |   3 |  627.0 |
               +--------+--------+--------+--------+--------+-----+--------+

Top non-repeatable levels by time:
     D:2: 638 daAuts
     D:1: 628 daAuts
     D:3: 615 daAuts
